 Dungeon Crawl Stone Soup version 0.26-a0-26-ge22fd8933b (webtiles) character file.

Game seed: 4239584489029785831, levelgen mode: deterministic

273643 Essalna the Spry (level 20, -6/170 HPs)
             Began as a Merfolk Ice Elementalist on May 27, 2020.
             Was the Champion of Vehumet.
             Mangled by a reaper
             ... wielding a +2 scythe of venom
              (20 damage)
             ... on level 3 of the Abyss.
             The game lasted 03:21:13 (43807 turns).

Essalna the Spry (Merfolk Ice Elementalist)        Turns: 43807, Time: 03:21:13

Health: -6/170     AC: 12    Str: 11    XL:     20   Next: 29%
Magic:  39/39      EV: 33    Int: 21    God:    Vehumet [******]
Gold:   5824       SH:  6    Dex: 20    Spells: 25/49 levels left

rFire    + . .     SeeInvis .   T - +5 trident (freeze)
rCold    + . .     Gourm    .   X - +0 buckler {reflect}
rNeg     . . .     Faith    .   O - +3 troll leather armour {Snorg}
rPois    .         Spirit   .   P - +2 helmet
rElec    .         Reflect  +   o - scarf {rC+ rF+}
rCorr    .         Harm     .   B - +1 pair of gloves
MR       +....                  s - +1 pair of boots
Stlth    ++........             e - amulet of regeneration
HPRegen  0.00/turn              w - +6 ring of dexterity
MPRegen  0.26/turn              Y - +4 ring of evasion

@: hasted, very quick
A: change form in water, swift swim, stealthy swim, blurry vision 2, deformed
body, [inhibited regeneration]
}: 2/15 runes: decaying, gossamer
a: Renounce Religion


You were on level 3 of the Abyss.
You worshipped Vehumet.
Vehumet was exalted by your worship.
You were not hungry.

You visited 7 branches of the dungeon, and saw 35 of its levels.
You visited the Abyss 2 times.

You collected 5891 gold pieces.
You spent 67 gold pieces at shops.

Inventory:

Hand Weapons
 T - a +5 trident of freezing (weapon)
Armour
 k - the +4 chain mail "Moynuf" {rElec rPois rC+++ Int-4}
   (You found it on level 3 of the Swamp)

   It affects your intelligence (-4).
   It renders you almost immune to cold.
   It insulates you from electricity.
   It protects you from poison.
 o - a scarf of resistance (worn)
 s - a +1 pair of boots (worn)
 u - a scarf of invisibility
 B - a +1 pair of gloves (worn)
 F - a +0 robe of magic resistance
 O - a +3 troll leather armour (worn) {Snorg}
 P - a +2 helmet (worn)
 X - a +0 buckler of reflection (worn)
Magical Staves
 l - an uncursed staff of wizardry {unknown}
Jewellery
 e - an amulet of regeneration (around neck)
 h - the amulet "Qelesm" {Spirit rElec rF+ Dex+2}
   (You found it on level 6 of the Lair of Beasts)

   [amulet of guardian spirit]

   It causes incoming damage to be split between your health and magic.
   It affects your dexterity (+2).
   It protects you from fire.
   It insulates you from electricity.
 q - an uncursed ring of protection from cold
 r - an uncursed amulet of magic regeneration {unknown}
 w - a +6 ring of dexterity (left hand)
 H - the amulet "Mupsis" {Reflect Str+6 Int+3 SH+5 Stlth+}
   (You acquired it on level 10 of the Dungeon)

   [amulet of reflection]

   It shields you and reflects attacks.
   It affects your strength (+6).
   It affects your intelligence (+3).
   It affects your SH (+5).
   It makes you more stealthy.
 Q - an uncursed ring of protection from fire
 S - an uncursed amulet of guardian spirit {unknown}
 V - an uncursed ring of wizardry
 Y - a +4 ring of evasion (right hand)
Wands
 a - a wand of digging (2)
 I - a wand of acid (16)
 R - a wand of disintegration (31)
Scrolls
 b - 5 scrolls of immolation
 f - 4 scrolls of fear
 g - 10 scrolls of teleportation
 i - 7 scrolls of identify
 p - 16 scrolls of remove curse
 x - 3 scrolls of fog
 y - 10 scrolls of enchant armour
 z - 4 scrolls of magic mapping
 E - a scroll of summoning
 K - 8 scrolls of amnesia
 L - 3 scrolls of blinking
 M - 2 scrolls of holy word
 Z - 8 scrolls of enchant weapon
Potions
 d - 6 potions of might
 j - 4 potions of brilliance
 m - 2 potions of heal wounds
 n - 4 potions of flight
 t - 13 potions of curing
 v - 3 potions of resistance
 A - a potion of haste
 C - 6 potions of ambrosia
 D - 2 potions of cancellation
 G - 2 potions of berserk rage
 J - 3 potions of stabbing
 N - 4 potions of mutation
 W - a potion of magic
Comestibles
 c - 58 rations
 U - 3 chunks of flesh


   Skills:
 + Level 17.7 Fighting
 - Level 14.0 Polearms
 - Level 2.0 Armour
 + Level 20.6 Dodging
 - Level 2.1 Stealth
 - Level 4.0 Shields
 + Level 15.4 Spellcasting
 + Level 3.9 Conjurations
 - Level 18.0 Ice Magic
 - Level 3.0 Air Magic
 + Level 2.2 Earth Magic


You had 25 spell levels left.
You knew the following spells:

 Your Spells              Type           Power        Failure   Level  Hunger
a - Freeze                Ice            ####         0%          1    None
b - Frozen Ramparts       Ice            ######       0%          3    None
c - Hailstorm             Conj/Ice       ######..     1%          4    None
d - Blink                 Tloc           N/A          8%          2    None
e - Freezing Cloud        Conj/Ice/Air   ######....   7%          6    #####..
f - Lehudib's Crystal Sp  Conj/Erth      ####......   100%        8    #######

Your spell library contained the following spells:

 Spells                   Type           Power        Failure   Level  Hunger
 Fire Storm               Conj/Fire      ###.......   100%        9    #######
 Tornado                  Air            ####......   100%        9    #######
 Magic Dart               Conj           ####         1%          1    None
 Sandblast                Erth           ####..       1%          1    None
 Ensorcelled Hibernation  Hex/Ice        ######       1%          2    None
 Searing Ray              Conj           ####..       1%          2    None
 Conjure Flame            Conj/Fire      ###.....     1%          3    None
 Dazzling Flash           Conj/Hex       ###...       1%          3    None
 Mephitic Cloud           Conj/Pois/Air  ####....     1%          3    None
 Ozocubu's Armour         Chrm/Ice       ######..     1%          3    None
 Stone Arrow              Conj/Erth      ####..       1%          3    None
 Ice Form                 Ice/Tmut       ######..     1%          4    None
 Summon Ice Beast         Ice/Summ       ######..     1%          4    None
 Animate Skeleton         Necr           N/A          4%          1    None
 Apportation              Tloc           ###...       4%          1    None
 Beastly Appendage        Tmut           ###...       4%          1    None
 Corona                   Hex            ###....      4%          1    None
 Pain                     Necr           ###.         4%          1    None
 Summon Butterflies       Summ           ###.....     4%          1    None
 Summon Small Mammal      Summ           ###.         4%          1    None
 Corpse Rot               Necr/Air       N/A          4%          2    None
 Passwall                 Tmut/Erth      ###.....     4%          2    None
 Fulminant Prism          Conj/Hex       ###.......   6%          4    None
 Iskenderun's Mystic Bla  Conj/Tloc      ###.....     6%          4    None
 Call Imp                 Summ           ###.....     8%          2    None
 Slow                     Hex            ###.....     8%          2    None
 Sticks to Snakes         Tmut           ###.....     8%          2    None
 Sublimation of Blood     Necr           ###.......   8%          2    None
 Confusing Touch          Hex            ###.....     14%         3    None
 Lesser Beckoning         Tloc           ###.......   14%         3    None
 Spider Form              Tmut/Pois      ###.......   14%         3    None
 Tukima's Dance           Hex            ###.....     14%         3    None
 Vampiric Draining        Necr           ###.......   14%         3    None
 Bolt of Magma            Conj/Fire/Erth ###.......   16%         5    ###....
 Lee's Rapid Deconstruct  Erth           ####......   16%         5    ###....
 Leda's Liquefaction      Hex/Erth       ###.......   30%         4    None
 Petrify                  Tmut/Erth      ###.....     30%         4    None
 Animate Dead             Necr           N/A          43%         4    None
 Dispel Undead            Necr           ###.....     43%         4    None
 Iron Shot                Conj/Erth      ####......   45%         6    #####..
 Agony                    Necr           ###.....     80%         5    ###....
 Alistair's Intoxication  Tmut/Pois      ###.....     80%         5    ###....
 Blade Hands              Tmut           ###.......   80%         5    ###....
 Excruciating Wounds      Chrm/Necr      ###.......   80%         5    ###....
 Statue Form              Tmut/Erth      ###......    99%         6    #####..
 Invisibility             Hex            ###.....     100%        6    #####..
 Shatter                  Erth           ####......   100%        9    #######


Dungeon Overview and Level Annotations

Branches:
Dungeon (15/15)            Temple (1/1) D:4            Lair (6/6) D:8
  Swamp (4/4) Lair:2       Spider (4/4) Lair:3        Slime (0/5) Lair:5
    Orc (2/2) D:12            Elf (3/3) Orc:2        Vaults (0/5) D:13
 Depths (0/5) D:15

Altars:
Cheibriados
Dithmenos
Elyvilon
Fedhas
Hepliaklqana
Makhleb
Nemelex Xobeh
Okawaru
Sif Muna
Trog
Uskayaw
Vehumet
Wu Jian
Xom
Zin
The Shining One
Beogh

Shops:
D:8 *   Orc:2 ==(*   Elf:1 [

Annotations:
D:7 exclusion: oklob plant
Swamp:3 Bai Suzhen
Elf:1 6 runed translucent doors


Innate Abilities, Weirdness & Mutations

You revert to your normal form in water.
You are very nimble and swift while swimming.
You are very stealthy in the water. (Stealth+)
Scrolls take you longer to read.
Armour fits poorly on your strangely shaped body.
[You do not regenerate when monsters are visible.]


Message History

The spatial maelstrom completely misses you.
The spatial maelstrom hits you.
* * * LOW HITPOINT WARNING * * *
Space bends around you.
* * * LOW HITPOINT WARNING * * *
The rust devil disappears in a puff of smoke!
The ynoxinul bellows!
The orc sorcerer casts a spell.
A starcursed mass comes into view.
Found a spear.
A spatial vortex comes into view.
You feel much better.
The spatial maelstrom closely misses you. x2
Really read with blurry vision while enemies are nearby?
The spatial maelstrom completely misses you.
The spatial maelstrom hits you!
* * * LOW HITPOINT WARNING * * *
You blink.
The reaper hits you from afar with a +2 scythe of venom!!
You die...

### .v...#..#
#... .#..#
########..### # .
........§§# .#.
........._3§#....
...............
######4o...#..#
#.)#..@5..#..#
..#23.....#.#
.#X######### #vv#
#§## #..# .#X.#
.# .... ## ..#.#


You could see a reaper, a spatial maelstrom, a spatial vortex, a large
abomination, a rust devil (summoned), a sixfirhy (summoned), a ynoxinul, an orc
sorcerer and a quasit.

Vanquished Creatures
  the Lernaean hydra (Swamp:4)
  A deep elf blademaster (Elf:3)
  A tentacled starspawn (Abyss:2)
  2 thorn hunters
  Kirke (D:15)
  2 deep elf sorcerers
  2 ghost moths (Spider:4)
  A fire giant (D:15)
  7 emperor scorpions
  An orc warlord (Orc:1)
  Louise (Spider:1)
  4 very ugly things (Abyss:3)
  2 deep elf demonologists (Elf:1)
  A stone giant (Orc:1)
  2 entropy weavers
  3 deep elf annihilators (Elf:3)
  A dire elephant (Lair:6)
  A lorocyproca (Abyss:3)
  Snorg (Lair:3)
  A spark wasp (Spider:3)
  2 deep elf death magi (Elf:2)
  4 ogre magi (Orc:2)
  A fire dragon (D:15)
  A green death (Abyss:2)
  3 deep elf high priests
  A merfolk avatar (Lair:6)
  2 ghost crabs (Swamp:4)
  16 hydras
  A vault guard (D:13)
  8 centaur warriors
  2 catoblepae
  3 shambling mangroves (Swamp:3)
  20 dancing weapons
  18 two-headed ogres
  3 tengu warriors (D:13)
  22 alligators
  A queen ant (D:8)
  An orc high priest (Orc:1)
  A hell hog (Abyss:2)
  3 thrashing horrors
  Urug (Lair:5)
  19 deep elf knights
  A wretched star (Abyss:2)
  2 spatial maelstroms (Abyss:2)
  8 skeletal warriors
  A sixfirhy (Abyss:2)
  3 unseen horrors
  An anaconda zombie (Abyss:2)
  A spriggan druid (Swamp:2)
  10 swamp dragons
  4 large abominations
  A harpy (Lair:6)
  9 deep elf archers
  A mana viper (shapeshifter) (Elf:1)
  2 orc knights (Orc:1)
  19 orb spiders
  15 wolf spiders
  44 deep elf magi
  3 orc sorcerers
  A manticore (Lair:6)
  8 cyclopes
  14 ugly things
  4 moths of wrath
  4 black mambas
  3 centaur zombies
  4 torpor snails
  17 elephants
  A gargoyle (D:13)
  3 centaur skeletons
  An orange demon (Abyss:3)
  15 spiny frogs
  2 smoke demons (Abyss:2)
  10 demonic crawlers
  11 komodo dragons
  An efreet (Abyss:2)
  A freezing wraith (D:14)
  2 hellwings (Abyss:2)
  A yaktaur (D:15)
  4 red devils (Elf:2)
  2 tengu conjurers (D:15)
  31 jumping spiders
  3 ancient zymes
  4 trolls
  7 tyrant leeches
  13 hornets
  A queen bee (D:8)
  7 polar bears
  12 bog bodies
  4 raiju
  12 slime creatures
  A dream sheep (Lair:6)
  25 blink frogs
  A flying skull (Abyss:3)
  8 hippogriffs
  35 yaks
  4 shadows
  An air elemental (Elf:3)
  8 water elementals
  80 redbacks
  2 wraiths
  22 tarantellas
  2 ynoxinuls (Abyss:2)
  A spriggan (Swamp:3)
  5 wyverns
  3 hogs (D:15)
  A basilisk (shapeshifter) (D:14)
  3 basilisks
  A fire elemental (Elf:1)
  A fire bat (Abyss:2)
  2 hungry ghosts
  3 steam dragons
  26 vampire mosquitoes
  2 neqoxecs
  12 insubstantial wisps
  31 swamp worms
  7 soldier ants
  A soldier ant (shapeshifter) (D:15)
  8 water moccasins
  12 porcupines
  23 orc warriors
  2 sky beasts
  3 ice beasts
  16 swamp drakes
  2 necrophages
  4 black bears
  2 eyes of draining (D:9)
  30 ogres
  4 boggarts (Lair:5)
  2 phantoms (D:6)
  A manticore skeleton (Abyss:2)
  22 wolves
  14 centaurs
  4 big kobolds
  10 crocodiles
  24 bullfrogs
  3 earth elementals
  5 scorpions
  6 small abominations
  25 killer bees
  14 wights
  6 electric eels
  2 howler monkeys
  12 crimson imps
  A lava snake (Lair:3)
  3 starcursed masses
  A bullfrog zombie (D:5)
  4 quasits
  10 hounds
  20 orc priests
  An iron imp (Abyss:2)
  7 jellies
  Crazy Yiuf (D:7)
  2 bullfrog skeletons
  Jessica (D:2)
  4 iguanas
  27 orc wizards
  19 worker ants
  A hound skeleton (D:5)
  A mummy (D:5)
  A worker ant zombie (D:10)
  3 adders
  4 shadow imps
  2 white imps (Abyss:3)
  13 oozes
  An adder zombie (D:6)
  5 adder skeletons
  4 worms
  2 dart slugs
  2 leopard geckos
  77 orcs
  A ball python (D:5)
  7 bats
  7 giant cockroaches
  6 goblins
  9 hobgoblins
  14 jackals
  5 quokkas
  3 frilled lizards
  3 goblin zombies (D:7)
  2 hobgoblin zombies (D:7)
  30 kobolds
  2 kobold zombies (D:5)
  An orc skeleton (D:7)
  4 orc zombies
  A quokka zombie (D:9)
  8 rats
  2 crawling corpses (Elf:2)
  A lurking horror (Abyss:3)
  2 starspawn tentacles (Abyss:2)
1366 creatures vanquished.

Vanquished Creatures (others)
  2 alligators
  2 wolf spiders (Spider:4)
  A slime creature (Swamp:4)
  A torpor snail (Spider:1)
  A spiny frog (Lair:3)
  A demonic crawler (Spider:3)
  A tarantella (Spider:4)
  A chaos spawn (Abyss:3)
  A vampire mosquito (Swamp:3)
  2 swamp worms
  2 swamp drakes (Swamp:4)
  A white imp (Abyss:2)
  A bush (Lair:2)
  26 fungi
  17 plants
  9 starspawn tentacles
  8 toadstools (D:2)
77 creatures vanquished.

Grand Total: 1443 creatures vanquished

Notes
Turn   | Place    | Note
-------+----------+-------------------------------------------
     0 | D:1      | Essalna the Merfolk Ice Elementalist began the quest for
                  | the Orb.
     0 | D:1      | Reached XP level 1. HP: 13/13 MP: 3/3
    96 | D:1      | Reached skill level 3 in Dodging
    96 | D:1      | Reached XP level 2. HP: 19/20 MP: 0/5
   481 | D:1      | Reached skill level 1 in Fighting
   830 | D:1      | Reached XP level 3. HP: 22/26 MP: 4/6
  1120 | D:2      | Noticed Jessica
  1124 | D:2      | Killed Jessica
  1124 | D:2      | Reached XP level 4. HP: 33/33 MP: 7/7
  1519 | D:2      | Reached skill level 5 in Ice Magic
  1583 | D:2      | Found a burning altar of Makhleb.
  1589 | D:2      | Reached skill level 4 in Dodging
  1589 | D:2      | Reached XP level 5. HP: 26/38 MP: 6/9
  1594 | D:2      | Learned a level 3 spell: Frozen Ramparts
  1919 | D:2      | Reached XP level 6. HP: 39/46 MP: 10/10
  2756 | D:4      | Found a glowing silver altar of Zin.
  2802 | D:4      | Reached skill level 5 in Dodging
  2920 | D:4      | Found a snail-covered altar of Cheibriados.
  3060 | D:4      | Found a staircase to the Ecumenical Temple.
  3103 | Temple   | Entered the Ecumenical Temple
  3131 | Temple   | Became a worshipper of Vehumet
  3230 | D:4      | Found a hazy altar of Hepliaklqana.
  3400 | D:4      | Reached XP level 7. HP: 52/52 MP: 8/12
  3582 | D:5      | Entered Level 5 of the Dungeon
  3989 | D:5      | Found a shimmering altar of Xom.
  4329 | D:5      | Reached skill level 6 in Dodging
  4808 | D:6      | Reached * piety under Vehumet
  4808 | D:6      | Offered knowledge of Sandblast by Vehumet.
  4808 | D:6      | Reached XP level 8. HP: 61/61 MP: 10/14
  5127 | D:6      | Reached skill level 5 in Fighting
  5169 | D:6      | Found an ornate altar of the Wu Jian Council.
  5211 | D:6      | Reached skill level 7 in Dodging
  5307 | D:6      | Reached skill level 5 in Spellcasting
  5375 | D:6      | Found a shadowy altar of Dithmenos.
  6103 | D:7      | Reached skill level 1 in Armour
  6247 | D:7      | Found a runed translucent door.
  6248 | D:7      | Noticed Crazy Yiuf
  6254 | D:7      | Killed Crazy Yiuf
  6254 | D:7      | Reached XP level 9. HP: 61/69 MP: 12/16
  6672 | D:7      | Found a glowing golden altar of the Shining One.
  6791 | D:7      | Found a blossoming altar of Fedhas.
  6809 | D:7      | Noticed an oklob plant
  6874 | D:8      | Reached skill level 8 in Dodging
  6876 | D:8      | Offered knowledge of Searing Ray by Vehumet.
  6881 | D:7      | Reached ** piety under Vehumet
  7122 | D:8      | Noticed a queen ant
  7139 | D:8      | Killed a queen ant
  7139 | D:8      | Reached skill level 9 in Dodging
  7166 | D:8      | Reached XP level 10. HP: 71/78 MP: 13/19
  7226 | D:8      | Offered knowledge of Static Discharge by Vehumet.
  7254 | D:8      | Reached *** piety under Vehumet
  7254 | D:8      | Reached skill level 10 in Dodging
  7645 | D:8      | Offered knowledge of Iskenderun's Mystic Blast by Vehumet.
  7814 | D:8      | Found Baekiwasch's Assorted Antiques.
  7831 | D:8      | Bought a fizzy pink potion for 25 gold pieces
  7831 | D:8      | Identified a scroll of acquirement
  8156 | D:8      | Found a staircase to the Lair.
  8338 | Lair:1   | Entered Level 1 of the Lair of Beasts
  8406 | Lair:1   | Reached XP level 11. HP: 79/86 MP: 20/22
  8551 | Lair:1   | Reached skill level 10 in Ice Magic
  8637 | Lair:1   | Noticed an eight-headed hydra
  8653 | Lair:1   | Killed an eight-headed hydra
  8653 | Lair:1   | Reached skill level 11 in Dodging
  9266 | Lair:2   | Found a staircase to the Swamp.
  9345 | Lair:2   | Reached **** piety under Vehumet
  9660 | Lair:2   | Offered knowledge of Airstrike by Vehumet.
  9745 | Lair:2   | Reached skill level 12 in Dodging
  9755 | Lair:2   | Reached skill level 10 in Fighting
 10256 | Lair:2   | Reached XP level 12. HP: 86/96 MP: 22/24
 10552 | Lair:3   | Found a hole to the Spider Nest.
 11068 | Lair:3   | Noticed Snorg
 11109 | Lair:3   | Killed Snorg
 11109 | Lair:3   | Reached skill level 13 in Dodging
 11730 | Lair:4   | Noticed a four-headed hydra
 11743 | Lair:4   | Noticed an alligator
 11744 | Lair:4   | Noticed an alligator
 12027 | Lair:4   | Reached ***** piety under Vehumet
 12070 | Lair:4   | Reached skill level 10 in Spellcasting
 12090 | Lair:4   | Killed a four-headed hydra
 12090 | Lair:4   | Reached XP level 13. HP: 82/105 MP: 27/27
 12138 | Lair:4   | Offered knowledge of Bolt of Magma by Vehumet.
 12260 | Lair:4   | Reached skill level 14 in Dodging
 13296 | Lair:5   | Noticed Urug
 13485 | Lair:5   | Found a staircase to the Slime Pits.
 13524 | Lair:5   | Killed Urug
 13732 | Lair:5   | Reached skill level 1 in Polearms
 14460 | Lair:5   | Learned a level 4 spell: Hailstorm
 14590 | Lair:6   | Entered Level 6 of the Lair of Beasts
 14604 | Lair:6   | Found a gate leading to a gauntlet.
 14825 | Lair:6   | Reached XP level 14. HP: 101/115 MP: 27/29
 14923 | Lair:6   | Reached skill level 5 in Polearms
 15013 | Lair:6   | Reached skill level 15 in Dodging
 15261 | Lair:6   | Noticed a dire elephant
 15315 | Lair:6   | Killed a dire elephant
 15361 | Lair:6   | Got a crude platinum amulet
 16090 | D:9      | Learned a level 2 spell: Blink
 16663 | D:9      | Got a distressingly furry leather armour
 16674 | D:9      | Identified the +4 leather armour "Cuxipp" {Harm Str+2
                  | Dex+2} (You found it on level 9 of the Dungeon)
 16686 | D:9      | Identified the amulet "Qelesm" {Spirit rElec rF+ Dex+2}
                  | (You found it on level 6 of the Lair of Beasts)
 16777 | D:9      | Found a sparkling altar of Nemelex Xobeh.
 16834 | D:10     | Entered Level 10 of the Dungeon
 17276 | D:10     | Offered knowledge of Lightning Bolt by Vehumet.
 18040 | D:10     | Got the amulet "Mupsis" {Reflect Str+6 Int+3 SH+5 Stlth+}
 19407 | D:12     | Found a staircase to the Orcish Mines.
 20226 | D:12     | Reached skill level 1 in Shields
 20229 | D:12     | Reached ****** piety under Vehumet
 20562 | Orc:1    | Entered Level 1 of the Orcish Mines
 20723 | Orc:1    | Noticed a stone giant
 20733 | Orc:1    | Killed a stone giant
 20733 | Orc:1    | Reached XP level 15. HP: 59/123 MP: 30/30
 21092 | Orc:1    | Noticed an orc warlord
 21101 | Orc:1    | Killed an orc warlord
 21418 | Orc:1    | Offered knowledge of Lee's Rapid Deconstruction by Vehumet.
 21515 | Orc:1    | Reached skill level 16 in Dodging
 21569 | Orc:1    | Found a roughly hewn altar of Beogh.
 21931 | Orc:2    | Entered Level 2 of the Orcish Mines
 22119 | Orc:2    | Paralysed by an orc sorcerer for 3 turns
 22417 | Orc:2    | Reached skill level 10 in Polearms
 22570 | Orc:2    | Found Poik's Jewellery Shoppe.
 22571 | Orc:2    | Found Bewum's Weapon Boutique.
 22571 | Orc:2    | Found Giont's Assorted Antiques.
 22571 | Orc:2    | Found Jofemias's Jewellery Boutique.
 22579 | Orc:2    | Bought a glowing coppery potion for 21 gold pieces
 22579 | Orc:2    | Bought a fizzy pink potion for 21 gold pieces
 22703 | Orc:2    | Found a staircase to the Elven Halls.
 23213 | D:13     | Offered knowledge of Iskenderun's Battlesphere by Vehumet.
 24018 | D:13     | Reached XP level 16. HP: 123/132 MP: 30/32
 24041 | D:13     | Found a gate to the Vaults.
 25289 | D:15     | Entered Level 15 of the Dungeon
 25442 | D:15     | Reached skill level 17 in Dodging
 25442 | D:15     | Reached skill level 15 in Ice Magic
 25540 | D:15     | Found a staircase to the Depths.
 25651 | D:15     | Noticed Kirke
 25676 | D:15     | Killed Kirke
 25855 | D:15     | Offered knowledge of Freezing Cloud by Vehumet.
 25887 | D:15     | Learned a level 6 spell: Freezing Cloud
 26706 | Swamp:1  | Entered Level 1 of the Swamp
 26729 | Lair:2   | Reached skill level 1 in Air Magic
 26774 | Swamp:1  | Reached skill level 1 in Conjurations
 27062 | Swamp:1  | Noticed a thorn hunter
 27082 | Swamp:1  | Killed a thorn hunter
 27441 | Swamp:2  | Noticed a thorn hunter
 27454 | Swamp:2  | Killed a thorn hunter
 28620 | Swamp:3  | Reached XP level 17. HP: 140/140 MP: 30/34
 29182 | Swamp:3  | Reached skill level 15 in Fighting
 29676 | Swamp:4  | Entered Level 4 of the Swamp
 29752 | Swamp:3  | Offered knowledge of Fireball by Vehumet.
 30877 | Swamp:4  | Noticed Bai Suzhen
 31055 | Swamp:4  | Reached skill level 18 in Dodging
 31764 | Swamp:4  | Noticed the 27-headed Lernaean hydra
 31773 | Swamp:4  | Killed the 27-headed Lernaean hydra
 31796 | Swamp:4  | Got a decaying rune of Zot
 31949 | Swamp:3  | Got a jade-encrusted chain mail
 31961 | Swamp:3  | Identified the +4 chain mail "Moynuf" {rElec rPois rC+++
                  | Int-4} (You found it on level 3 of the Swamp)
 32123 | Spider:1 | Entered Level 1 of the Spider Nest
 32631 | Spider:1 | Noticed Louise
 32658 | Spider:1 | Offered knowledge of Chain Lightning by Vehumet.
 32661 | Spider:1 | Killed Louise
 32776 | Spider:1 | Reached XP level 18. HP: 150/150 MP: 35/35
 34278 | Spider:2 | Got a pitted leather armour
 34289 | Spider:2 | Identified the cursed +0 leather armour of Minor Irritation
                  | {rC+ Int+2 Stlth+} (You found it on level 2 of the Spider
                  | Nest)
 34722 | Spider:3 | Offered knowledge of Lehudib's Crystal Spear by Vehumet.
 34722 | Spider:3 | Offered knowledge of Fire Storm by Vehumet.
 34722 | Spider:3 | Offered knowledge of Tornado by Vehumet.
 35653 | Spider:4 | Entered Level 4 of the Spider Nest
 36133 | Spider:4 | Reached skill level 19 in Dodging
 37622 | Spider:4 | Got a gossamer rune of Zot
 38055 | Elf:1    | Entered Level 1 of the Elven Halls
 38229 | Elf:1    | Found Nuawny's Antique Armour Boutique.
 38252 | Elf:1    | Reached XP level 19. HP: 159/159 MP: 37/37
 39061 | Elf:1    | Noticed a Tzitzimitl
 39062 | Elf:1    | Cast into level 2 of the Abyss (a deep elf demonologist)
 39743 | Abyss:2  | Noticed an ancient lich
 39787 | Abyss:2  | Found an opulent altar of Gozag.
 39794 | Abyss:2  | Found a corrupted altar of Lugonu.
 39899 | Abyss:2  | Paralysed by accursed screaming for 1 turns
 40228 | Abyss:2  | Noticed a bone dragon
 40232 | Abyss:2  | Gained mutation: Armour fits poorly on your strangely
                  | shaped body. [a neqoxec]
 40235 | Abyss:2  | Gained mutation: Scrolls take you a little longer to read.
                  | [a neqoxec]
 40242 | Abyss:2  | Gained mutation: Scrolls take you longer to read. [a
                  | neqoxec]
 40332 | Elf:1    | Escaped the Abyss
 40489 | Elf:1    | Found a runed translucent gate.
 40489 | Elf:1    | Found a runed translucent gate.
 40489 | Elf:1    | Found a runed translucent gate.
 40489 | Elf:1    | Found a runed translucent gate.
 40489 | Elf:1    | Found a runed translucent gate.
 40490 | Elf:1    | Found a runed translucent gate.
 40770 | Elf:2    | Reached skill level 20 in Dodging
 40842 | Elf:2    | Reached skill level 15 in Spellcasting
 41313 | Elf:2    | Found a huge runed translucent gate.
 41313 | Elf:2    | Found a huge runed translucent gate.
 41313 | Elf:2    | Found a huge runed translucent gate.
 41313 | Elf:2    | Found a huge runed translucent gate.
 41313 | Elf:2    | Found a huge runed translucent gate.
 42755 | Elf:2    | Learned a level 8 spell: Lehudib's Crystal Spear
 42773 | Elf:3    | Entered Level 3 of the Elven Halls
 42839 | Elf:3    | Reached XP level 20. HP: 168/168 MP: 36/39
 43152 | Elf:3    | Identified the +3 long sword of Voomek {freeze, rN+}
 43192 | Elf:3    | Reached skill level 1 in Earth Magic
 43395 | Elf:3    | Cast into level 3 of the Abyss (a deep elf sorcerer)
 43790 | Abyss:3  | Found a corrupted altar of Lugonu.
 43800 | Abyss:3  | HP: 8/170 [reaper/+2 scythe of venom (38)]
 43807 | Abyss:3  | Mangled by a reaper

Illustrated notes

Levels and vault maps discovered:
D:1:      evilmike_arrival_plus, layout_basic
D:2:      cheibrodos_fertilizer, layout_rooms, makhleb_blood_cavern_becter,
          uniq_jessica
D:3:      layout_loops_ring
D:4:      layout_loops_ring, zin_academy, overflow_temple_1_default,
          kennysheep_mini, minmay_temple_entry_drinking_statues, first_ration
D:5:      layout_layer_cave, old_standard_altar, minmay_mini_ossuary
D:6:      layout_basic, lemuel_crystal_altar, grunt_dithmenos_shadows
D:7:      layout_basic, tgw_fedhas, nicolae_tso_besieged_by_evil,
          uniq_crazy_yiuf_cottage
D:8:      layout_rooms, erik_lair_dragon, serial_shops, kennysheep_little_box,
          david_nohive_1, minivault_25, fountainhead, minmay_another_anthill
D:9:      minmay_clustersquares, layout_cave_pools, nemelex_dance_club_becter
D:10:     layout_layer_cave, minmay_misc_feat_roman
D:11:     layout_roguey, serial_rivers, chequers_serial_rivers_large_b,
          chequers_serial_rivers_marsh, chequers_serial_rivers_small_b,
          chequers_serial_rivers_room_b
D:12:     layout_loops_corners, erik_orc_2
D:13:     minmay_cornered_nines, layout_basic, david_vaults_5
D:14:     layout_irregular_city, kennysheep_decorative_pillar
D:15:     grunt_enter_depths_giant_problem, layout_gridville, minivault_14,
          serial_glass, glass_columns_b, glass_columns_b, uniq_kirke
Temple:   eino_temple_scatter_basement
Lair:1:   layout_gridlike
Lair:2:   layout_regular_city, minmay_swamp_entry_swarm
Lair:3:   layout_gridlike, spider_nest_entry_rubble, uniq_snorg
Lair:4:   onia_ninara_swampy_vault, layout_small_grid, worms_lemuel,
          lemuel_fruit_tree
Lair:5:   layout_cave_pods, nicolae_slime_entry_slimehenge,
          kilobyte_rumbling_trees, uniq_urug
Lair:6:   gammafunk_lair_ancient_temple, layout_regular_city,
          gauntlet_entry_generic, serial_bayou_pond_b, serial_bayou_pond_a,
          patterned_corridor
Swamp:1:  layout_basic_swamp, evilmike_swamp_ruin_rubble_2
Swamp:2:  layout_basic_swamp, infiniplex_staircase_pool, swamp_pool1
Swamp:3:  layout_basic_swamp, evilmike_swamp_ruin_house_1
Swamp:4:  grunt_swamp_rune_castle, layout_basic_swamp, swamp_pool5,
          hangedman_swamp_pad, uniq_bai_suzhen
Spider:1: layout_chambers, uniq_louise
Spider:2: layout_spider_delve, nicolae_spider_cling_halls
Spider:3: layout_spider_delve
Spider:4: grunt_spider_rune_circles
Orc:1:    orc_temple, layout_diamond_mine
Orc:2:    st_orc_ogre_mass, layout_caves
Elf:1:    elf_arrival_001, layout_rooms, serial_shops, shop_fountains,
          orc_legates, st_stairs_14
Elf:2:    layout_gridlike, einodemon_armed_red_devil_minivault
Elf:3:    minmay_elf_hall_dome, layout_gridlike, serial_shops, shop
Abyss:3:  base: D:14, grunt_abyss_rune_forest_and_sorcery,
          evilmike_abyss_rune_tso_outpost, evilmike_abyss_exit_chaos,
          due_evilmike_abyss_rune_seething_liches, hangedman_decor_lopped,
          evilmike_abyss_exit_16, evilmike_abyss_exit_kraken,
          hangedman_decor_points, hangedman_abyss_or_decor_slice

Skill      XL: |  1  2  3  4  5  6  7  8  9 10 11 12 13 14 15 16 17 18 19 20 |
---------------+-------------------------------------------------------------+-----
Dodging        | 3 4 5 6 7 9 10 12 13 14 15 16 17 18 19 20 | 20.6
Fighting       | 1 2 3 4 5 7 8 10 11 12 13 14 15 16 17 | 17.7
Ice Magic      | 5 6 7 8 9 11 12 13 14 15 16 17 18 | 18.0
Spellcasting   | 3 4 5 6 7 8 10 11 12 13 14 15 | 15.4
Armour         | 1 2 |  2.0
Polearms       | 4 8 10 12 13 14 | 14.0
Shields        | 1 4 |  4.0
Air Magic      | 2 3 |  3.0
Conjurations   | 2 3 |  3.9
Earth Magic    | 2 |  2.2
Stealth        | |  2.1

Action                   |  1- 3 |  4- 6 |  7- 9 | 10-12 | 13-15 | 16-18 | 19-21 || total
-------------------------+-------+-------+-------+-------+-------+-------+-------++-------
Melee: Unarmed           |     9 |       |       |       |       |       |       ||     9
       Dagger            |    32 |   150 |   348 |   465 |   113 |       |       ||  1108
       Tailslap          |       |       |       |    10 |    19 |    94 |     2 ||   125
       Trident           |       |       |       |       |  1008 |  1985 |   924 ||  3917
 Cast: Freeze            |    28 |    20 |    26 |    14 |       |       |       ||    88
       Frozen Ramparts   |       |    12 |    42 |    69 |   137 |    87 |    73 ||   420
       Hailstorm         |       |       |       |       |    77 |    32 |    11 ||   120
       Freezing Cloud    |       |       |       |       |       |    49 |    21 ||    70
       Blink             |       |       |       |       |       |       |     1 ||     1
  Use: Scroll            |       |       |    11 |     2 |    10 |    11 |     5 ||    39
       Potion            |       |       |       |     1 |       |    10 |    14 ||    25
 Stab: Sleeping          |       |     5 |     5 |       |    16 |    21 |     2 ||    49
       Distracted        |       |       |       |       |     4 |     3 |     3 ||    10
       Confused          |       |       |       |       |       |     2 |       ||     2
       Held in net/web   |       |       |       |       |       |     3 |       ||     3
  Eat: Chunk             |     1 |     8 |    13 |    16 |    41 |    38 |    14 ||   131
       Ration            |       |       |     1 |       |       |     6 |     3 ||    10
Armor: Robe              |    13 |    29 |    50 |       |       |       |       ||    92
       Leather armour    |       |       |     1 |    70 |       |    19 |       ||    90
       Troll leather arm |       |       |       |    29 |   187 |   213 |    63 ||   492
Dodge: Dodged            |    55 |   107 |   342 |   599 |   983 |  1857 |   554 ||  4497
Block: Other             |       |       |       |       |    34 |       |       ||    34
       Buckler           |       |       |       |       |   153 |   850 |   237 ||  1240
       Reflection        |       |       |       |       |    18 |    19 |    25 ||    62

Table legend:
 A = Non-vault XP
 B = Vault XP
 C = Vault XP percentage of total XP
 D = Non-vault monster count
 E = Vault monster count
 F = Vault count percentage of total count
                 A         B        C        D         E       F
            +---------+---------+-------+---------+---------+-------
      Total |  274956 |  151652 |  35.5 |     978 |     398 |  28.9
            +---------+---------+-------+---------+---------+-------
        D:1 |      48 |       0 |   0.0 |      27 |       0 |   0.0
        D:2 |      49 |     224 |  82.1 |      17 |      18 |  51.4
        D:3 |      61 |       0 |   0.0 |      13 |       0 |   0.0
        D:4 |     286 |       0 |   0.0 |      20 |       0 |   0.0
        D:5 |     480 |      22 |   4.4 |      16 |       5 |  23.8
        D:6 |     764 |     120 |  13.6 |      19 |       1 |   5.0
        D:7 |     684 |      92 |  11.9 |      10 |      10 |  50.0
        D:8 |    1319 |    4371 |  76.8 |      26 |      38 |  59.4
        D:9 |    2253 |     957 |  29.8 |      22 |      13 |  37.1
       D:10 |    1929 |       0 |   0.0 |      26 |       0 |   0.0
       D:11 |    8238 |       0 |   0.0 |      38 |       0 |   0.0
       D:12 |    7257 |     655 |   8.3 |      42 |      21 |  33.3
       D:13 |   10060 |    3626 |  26.5 |      35 |       6 |  14.6
       D:14 |    7210 |       0 |   0.0 |      20 |       0 |   0.0
       D:15 |   13158 |    4325 |  24.7 |      41 |       5 |  10.9
     Lair:1 |    4932 |     184 |   3.6 |      22 |       1 |   4.3
     Lair:2 |    6356 |     360 |   5.4 |      26 |       2 |   7.1
     Lair:3 |    7063 |    1354 |  16.1 |      33 |       2 |   5.7
     Lair:4 |    6438 |    6472 |  50.1 |      18 |      20 |  52.6
     Lair:5 |    5561 |    1903 |  25.5 |      19 |      13 |  40.6
     Lair:6 |    3884 |   12303 |  76.0 |      20 |      28 |  58.3
    Swamp:1 |   12344 |       0 |   0.0 |      27 |       0 |   0.0
    Swamp:2 |   12959 |       0 |   0.0 |      22 |       0 |   0.0
    Swamp:3 |   15953 |    8809 |  35.6 |      54 |      12 |  18.2
    Swamp:4 |   12889 |   13392 |  51.0 |      33 |      23 |  41.1
   Spider:1 |   20967 |    1553 |   6.9 |      68 |       1 |   1.4
   Spider:2 |    5539 |       0 |   0.0 |      12 |       0 |   0.0
   Spider:3 |   14104 |       0 |   0.0 |      44 |       0 |   0.0
   Spider:4 |   17045 |   21148 |  55.4 |      40 |      39 |  49.4
      Orc:1 |    2464 |    7160 |  74.4 |      21 |      29 |  58.0
      Orc:2 |    1420 |   19826 |  93.3 |      26 |      39 |  60.0
      Elf:1 |   11338 |   13448 |  54.3 |      17 |      35 |  67.3
      Elf:2 |   21517 |   24002 |  52.7 |      32 |      33 |  50.8
      Elf:3 |    9527 |    5346 |  35.9 |      14 |       4 |  22.2
    Abyss:2 |   15291 |       0 |   0.0 |      33 |       0 |   0.0
    Abyss:3 |   13569 |       0 |   0.0 |      25 |       0 |   0.0
            +---------+---------+-------+---------+---------+-------
